 Dungeon Crawl Stone Soup version 0.15.1-3-g1b33baa (webtiles) character file.

128 Psiweapon the Sneak (level 5, 0/32 HPs)
             Began as a Kobold Abyssal Knight on Oct 10, 2014.
             Was a Priest of Lugonu.
             Killed by a spatial distortion (3 damage)
             ... on Level 3 of the Dungeon.
             The game lasted 00:09:59 (3495 turns).

Psiweapon the Sneak (Kobold Abyssal Knight)         Turns: 3495, Time: 00:09:59

HP   0/32        AC  3     Str 10      XL: 5   Next: 33%
MP   6/7         EV 13     Int 10      God: Lugonu [***...]
Gold 131         SH  0     Dex 17      Spells:  0 memorised,  4 levels left

rFire  . . .     SeeInvis .     a - +1 short sword
rCold  . . .     Clarity  .     e - +0 leather armour
rNeg   . . .     rCorr    .     (no shield)
rPois  .         rRot     .     (no helmet)
rElec  .         Spirit   .     (no cloak)
SustAb .         Warding  .     (no gloves)
rMut   .         Stasis   .     (no boots)
Gourm  .                        (no amulet)
MR     +....                    (no ring)
                                p - ring of protection from magic

@: lethally poisoned, somewhat resistant to hostile enchantments, fairly
stealthy
A: carnivore 3
a: Depart the Abyss, Bend Space, Banish, Renounce Religion


You were on level 3 of the Dungeon.
You worshipped Lugonu.
Lugonu was most pleased with you.
You were not hungry.

You visited 1 branch of the dungeon, and saw 3 of its levels.
You visited the Abyss 1 time.

You collected 131 gold pieces.

Inventory:

Hand weapons
 a - a +1 short sword (weapon)
 b - a +0 hunting sling
Missiles
 d - 39 bolts
 f - 37 stones (quivered)
 r - 15 sling bullets
Armour
 e - a +0 leather armour (worn)
Comestibles
 c - 4 meat rations
Scrolls
 g - a scroll of magic mapping {unknown}
 j - a scroll of enchant armour {unknown}
 k - a scroll of noise {unknown}
 l - a scroll of blinking {unknown}
 m - a scroll of immolation {unknown}
 n - a scroll of fog {unknown}
 o - a scroll of identify {unknown}
 q - 2 scrolls of remove curse {unknown}
Jewellery
 p - a ring of protection from magic (left hand)
Potions
 h - a potion of restore abilities {unknown}
 i - a potion of agility {unknown}


   Skills:
 - Level 3.4 Fighting
 - Level 2.6 Short Blades
 - Level 0.7 Armour
 - Level 2.4 Dodging
 + Level 6.0 Stealth
 + Level 2.7 Invocations


You had 4 spell levels left.
You didn't know any spells.

Dungeon Overview and Level Annotations

Branches:
Dungeon (3/15)

Altars:
The Shining One


Innate Abilities, Weirdness & Mutations

You are small and have problems with some larger weapons.
You are carnivorous and can eat meat at any time.


Message History

You closely miss the water moccasin.
The water moccasin is lightly wounded.
The water moccasin closely misses you. The water moccasin bites you.
You hit the water moccasin.
The water moccasin is moderately wounded.
The water moccasin closely misses you.
You closely miss the water moccasin.
The water moccasin is moderately wounded.
The water moccasin bites you.
You are poisoned.
The water moccasin poisons you!
You closely miss the water moccasin.
The water moccasin is moderately wounded.
You feel sick. The water moccasin bites you!
You are lethally poisoned!
The water moccasin poisons you! The water moccasin bites you!
* * * LOW HITPOINT WARNING * * *
Use which ability? (? or * to list) Space bends around you!
You blink.
You die...

#.......#
#.......#
#.......# #.#
#.......### #.####
#.......##. ..(..#
........##. #.##.#
.#########. #(##.#
.# #. #.##.#
##########.##.##@#
##.......#.§Sg...#
....####.####.####
##..#.........#
#....##.######
#.#####.#
#.#####.#
#.......#
#########


You could see a water moccasin and a goblin.

Vanquished Creatures
  3 adders (D:2)
  3 gnolls (D:2)
  An inept feature mimic (D:2)
  A giant gecko (D:1)
  2 ball pythons (D:1)
  5 bats
  7 giant cockroaches
  7 goblins
  10 hobgoblins
  12 kobolds
  4 giant newts
  9 rats
64 creatures vanquished.

Notes
Turn   | Place    | Note
--------------------------------------------------------------
     0 | Abyss:1  | Psiweapon, the Kobold Abyssal Knight, began the quest for the Orb.
     0 | Abyss:1  | Reached XP level 1. HP: 14/14 MP: 1/1
     6 | D:1      | Escaped the Abyss
   309 | D:1      | Reached skill level 1 in Stealth
   316 | D:1      | Reached XP level 2. HP: 17/19 MP: 2/2
   530 | D:1      | Acquired Lugonu's second power
   560 | D:1      | Reached XP level 3. HP: 20/23 MP: 3/3
   947 | D:2      | Reached skill level 4 in Stealth
  1218 | D:2      | Found a glowing golden altar of the Shining One.
  1300 | D:2      | Acquired Lugonu's third power
  1300 | D:2      | Reached XP level 4. HP: 23/28 MP: 5/5
  1788 | D:2      | Reached skill level 5 in Stealth
  2350 | D:2      | Reached XP level 5. HP: 6/32 MP: 4/6
  3435 | D:3      | Reached skill level 6 in Stealth
  3485 | D:3      | Noticed a water moccasin
  3495 | D:3      | Killed by a spatial distortion

Action                   |  1- 3 |  4- 6 || total
-------------------------+-------+-------++-------
Melee: Short sword       |    56 |    62 ||   118
 Fire: Hunting sling     |    40 |    76 ||   116
Throw: Stone             |       |     3 ||     3
Invok: Bend Space        |       |     8 ||     8
  Eat: Chunk             |     1 |     7 ||     8
       Royal jelly       |       |     1 ||     1
       Beef jerky        |       |     1 ||     1
